AoeStats
← dima_togy

Arabian Desert

509132146Analyzed
1v1 RM · 6d ago on Sep 25, 2026· 43m 28s· 2 players
Game mode
Random Map
Map size
Tiny (2 player)
Population
200
Speed
Normal
Resources
Standard
Victory
Conquest
Starting age
Dark Age
Ending age
Imperial Age
RankedLock teamsTeams togetherTeam positionsShared explorationLock speedFull tech treeHidden civsTurbo modeCheats
Victory
Defeat
🇦🇲 Persians · Armenia
1419
+16
🇲🇽 Malay · Mexico
1420
-16
dima_togy
7:34 Loom
9:45 Feudal Age
10:13 Double-Bit Axe
10:59 Horse Collar
17:38 Castle Age
17:14 Bloodlines
17:15 Gold Mining
24:12 Wheelbarrow
24:21 Scale Barding Armor
24:26 Forging
25:11 Bow Saw
26:02 Hand Cart
28:21 Heavy Plow
28:54 Chain Barding Armor
30:48 Stone Mining
32:25 Light Cavalry
33:05 Husbandry
35:39 Town Watch
41:09 Imperial Age
38:51 Kamandaran
38:56 Fletching
39:06 Padded Archer Armor
39:42 Iron Casting
38:33 Crossbowman
39:18 Thumb Ring
40:04 Ballistics
39:54 Masonry
39:40 Murder Holes
39:36 Guard Tower
40:17 Thumb Ring
41:11 Capped Ram
41:15 Hussar
41:16 Cavalier
41:53 Bodkin Arrow
42:13 Leather Archer Armor
42:34 Plate Barding Armor
43:00 Blast Furnace
44:13 Two-Man Saw
44:38 Chemistry
44:09 Architecture
adriancornejo84
9:23 Loom
11:08 Feudal Age
15:47 Castle Age
13:57 Double-Bit Axe
23:28 Horse Collar
28:30 Fletching
28:40 Padded Archer Armor
30:16 Bodkin Arrow
30:05 Crossbowman
37:59 Imperial Age
37:18 Arbalester
39:08 Chemistry
40:53 Bracer
42:04 Ballistics
42:30 Scale Barding Armor
42:45 Leather Archer Armor
Connection lost

Rejoining the realm…

Still unreachable

The connection could not be restored.

Session expired

The server has moved on; the page needs a fresh start.